 Dungeon Crawl Stone Soup version 0.31.0-12-g77e489cdc1 (webtiles) character file.

Game seed: 11333451280261248719

244 gohu the Magician (level 6, 0/40 HPs)
             Began as a Djinni Fire Elementalist on Mar 6, 2024.
             Slain by a gnoll bouda
             ... wielding a +0 club
              (4 damage)
             ... on level 4 of the Dungeon.
             The game lasted 00:07:39 (3226 turns).

gohu the Magician (Djinni Fire Elementalist)        Turns: 3226, Time: 00:07:40

Health: 0/40       AC:  5    Str:  7    XL:     6   Next: 32%
Gold:   91         EV: 12    Int: 19    God:
                   SH:  0    Dex: 13

rFire   + + .        b - +1 dagger (speed)
rCold   . . .        (no shield)
rNeg    . . .        a - +0 robe
rPois   ∞            o - +2 helmet
rElec   .            (no cloak)
rCorr   .            (no gloves)
SInv    +            (boots unavailable)
Will    .....        (no amulet)
Stlth   ++           m - ring of see invisible
HPRegen 0.26/turn    q - ring of protection from cold
MPRegen 0.00/turn

%: infuse magic (-1 HP)
@: weakened, flying
A: sickness immunity, fire resistance 2, cold vulnerability 1, float, innate
caster, HP casting, extra vitality 1
a: no special abilities


You were on level 4 of the Dungeon.
You visited 1 branch of the dungeon, and saw 4 of its levels.

You collected 147 gold pieces.
You spent 56 gold pieces at shops.

Inventory:

Hand Weapons
 b - a +1 dagger of speed (weapon)
Armour
 a - a +0 robe (worn)
 o - a +2 helmet (worn)
 r - a +1 scale mail of cold resistance
Jewellery
 m - a ring of see invisible (left hand)
 q - a ring of protection from cold (right hand)
Scrolls
 c - a scroll of enchant armour {unknown}
 d - a scroll of butterflies {unknown}
 e - 2 scrolls of teleportation {unknown}
 h - 2 scrolls of immolation {unknown}
 j - 4 scrolls of identify {unknown}
 k - 2 scrolls of vulnerability {unknown}
 l - a scroll of blinking {unknown}
 s - a scroll of fog {unknown}
Potions
 f - a potion of curing {unknown}
 g - a potion of enlightenment {unknown}
 i - 3 potions of might {unknown}
 n - a potion of brilliance
 p - a potion of resistance {unknown}
 t - a potion of mutation {unknown}
 u - a potion of cancellation {unknown}
 v - a potion of haste {unknown}


   Skills:
 - Level 2.1 Dodging
 - Level 1.5 Stealth
 * Level 5.5 Spellcasting
 * Level 5.5 Conjurations
 * Level 5.5 Hexes
   Level 0.0 Charms
 * Level 5.5 Summonings
 * Level 5.5 Necromancy
 * Level 5.5 Translocations
   Level 0.0 Transmutations
 * Level 5.5 Fire Magic
 * Level 5.5 Ice Magic
 * Level 5.5 Air Magic
 * Level 5.5 Earth Magic
 * Level 5.5 Alchemy


You knew the following spells:

 Your Spells              Type           Power      Damage    Failure   Level
a - Foxfire               Conj/Fire      100%       2x1d9     1%          1
b - Flame Wave            Conj/Fire      26%        2d8       12%         4
c - Call Imp              Summ           52%        N/A       1%          2
d - Volatile Blastmotes   Fire/Tloc      52%        2d14      3%          3
e - Scorch                Fire           52%        2d7       1%          2
f - Slow                  Hex            100%       N/A       1%          1
g - Inner Flame           Hex/Fire       26%        N/A       3%          3
Your spell library was empty.

Dungeon Overview and Level Annotations

Branches:
Dungeon (4/15)
 Temple: D:4-7

Altars:
Yredelemnul

Shops:
D:3 *


Innate Abilities, Weirdness & Mutations

You are immune to sickness and miasma.
You are immune to poison.
Your flesh is very heat resistant. (rF++)
You are vulnerable to cold. (rC-)
You float through the air rather than walking.
You learn spells naturally, not from books.
Your magical power is your life essence.
You have superior vitality. (+4 MHP)


Message History

Your cerulean imp hits the gnoll but does no damage.
The gnoll is no longer moving quickly. x2; The foxfire hits the gnoll bouda.
The gnoll bouda is lightly wounded.
The foxfire hits the gnoll.
The gnoll is severely wounded.
The gnoll closely misses you.
The gnoll bouda gazes fiercely through you!
You feel your attacks grow feeble.
Your cerulean imp hits the gnoll with a -2 spear.
Casting: Foxfire (safe; 1% risk of failure)
Confirm with . or Enter, or press ? or * to list all spells.
You conjure some foxfire!
The gnoll closely misses you.
The gnoll bouda hits you with a +0 club.
Your cerulean imp hits the gnoll with a -2 spear.
The foxfire hits the gnoll bouda.
The gnoll bouda is moderately wounded.
The foxfire hits the gnoll bouda.
The gnoll bouda is heavily wounded.
The gnoll closely misses your cerulean imp.
The gnoll bouda gazes fiercely through you!
You feel as though you will be weak longer.
The gnoll bouda hits you but does no damage.
Your cerulean imp hits the gnoll but does no damage.
Casting: Foxfire (safe; 1% risk of failure)
Confirm with . or Enter, or press ? or * to list all spells.
A tiny devil pulls itself out of the air.
Your cerulean imp disappears in a puff of smoke!
The gnoll is no longer moving quickly.
The gnoll hits you with a +0 whip. The gnoll closely misses you.
The gnoll bouda gazes fiercely through you!
You feel as though you will be weak longer.
The gnoll bouda hits you with a +0 club!
* * * LOW HITPOINT WARNING * * *
The gnoll hits you with a +0 whip.
* * * LOW HITPOINT WARNING * * *
The gnoll closely misses your cerulean imp.
The gnoll hits you with a +0 whip.
* * * LOW HITPOINT WARNING * * *
The gnoll bouda hits you with a +0 club.
You die...

#..........#
############.......<..#
#...........#.........#
#...........+.........#
#...........#.........#
#...........#.........#
#...........###########
#....5g.....#
#.....@.§§..#
#....ggg.§..#
#...........#
######'###### #.# #.#
#....ggg.> ##########


You could see a gnoll bouda (ally target), 3 gnolls and a friendly cerulean imp
(summoned).

Vanquished Creatures
  Terence (D:3)
  An iguana (D:4)
  A sleepcap (D:4)
  Robin (D:3)
  3 adders
  2 adder zombies (D:3)
  A ribbon worm (D:3)
  2 dart slugs
  2 orcs
  4 endoplasms (D:1)
  2 giant cockroaches (D:1)
  11 goblins
  5 hobgoblins
  3 jackals
  2 kobolds
  4 quokkas
  8 ball pythons
  2 bats
  A frilled lizard (D:3)
  7 rats
63 creatures vanquished.

Vanquished Creatures (collateral kills)
  A hound (D:4)
  An adder (D:3)
  An adder zombie (D:3)
  A goblin (D:4)
  3 jackals (D:3)
  A kobold (D:4)
  A quokka (D:4)
  A ball python zombie (D:3)
  A foxfire (D:3)
11 creatures vanquished.

Vanquished Creatures (others)
  251 foxfires
251 creatures vanquished.

Grand Total: 325 creatures vanquished

Notes
Turn   | Place    | Note
-------+----------+-------------------------------------------
     0 | D:1      | gohu the Djinni Fire Elementalist began the quest for the
                  | Orb.
     0 | D:1      | gohu set off with the following spells memorised: Foxfire,
                  | Scorch, Volatile Blastmotes, Inner Flame, Flame Wave.
     0 | D:1      | Reached XP level 1. HP: 15/15 MP: 0/0
    60 | D:1      | Reached XP level 2. HP: 15/21 MP: 0/0
   371 | D:1      | Reached XP level 3. HP: 24/25 MP: 0/0
   371 | D:1      | Learned a level 1 spell: Slow
  1429 | D:2      | Reached XP level 4. HP: 30/31 MP: 0/0
  1546 | D:3      | Found Cinuapn's General Store.
  1554 | D:3      | Bought a potion of brilliance for 56 gold pieces
  1686 | D:3      | Noticed Robin
  1696 | D:3      | Killed Robin
  1697 | D:3      | HP: 1/31 [goblin/+0 dagger[Robin] (5)]
  1842 | D:3      | Reached XP level 5. HP: 30/35 MP: 0/0
  1842 | D:3      | Learned a level 2 spell: Call Imp
  1890 | D:3      | Found a basalt altar of Yredelemnul.
  2197 | D:3      | Noticed Terence
  2210 | D:3      | Killed Terence
  2211 | D:3      | Reached skill level 5 in Spellcasting
  2211 | D:3      | Reached skill level 5 in Conjurations
  2211 | D:3      | Reached skill level 5 in Hexes
  2211 | D:3      | Reached skill level 5 in Summonings
  2211 | D:3      | Reached skill level 5 in Necromancy
  2211 | D:3      | Reached skill level 5 in Translocations
  2211 | D:3      | Reached skill level 5 in Fire Magic
  2211 | D:3      | Reached skill level 5 in Ice Magic
  2211 | D:3      | Reached skill level 5 in Air Magic
  2211 | D:3      | Reached skill level 5 in Earth Magic
  2211 | D:3      | Reached skill level 5 in Alchemy
  2954 | D:4      | Reached XP level 6. HP: 26/40 MP: 0/0
  3226 | D:4      | Slain by a gnoll bouda

Illustrated notes

Levels and vault maps discovered:
D:1:      psy_arrival_basics, layout_basic, kennysheep_nondescript,
          minmay_domino_2
D:2:      layout_loops_ring, amcnicky_mini_pool_small, minmay_pentomino_pile
D:3:      layout_loops_ring, mainiacjoe_overflow_paths,
          nicolae_yredelemnul_corpse_copse, serial_shops, shop, uniq_robin,
          uniq_terence
D:4:      layout_basic

Skill      XL: |  1  2  3  4  5 |
---------------+----------------+-----
Spellcasting   | 4 5 |  5.5
Conjurations   | 4 5 |  5.5
Hexes          | 4 5 |  5.5
Summonings     | 4 5 |  5.5
Necromancy     | 4 5 |  5.5
Translocations | 4 5 |  5.5
Fire Magic     | 4 5 |  5.5
Ice Magic      | 4 5 |  5.5
Air Magic      | 4 5 |  5.5
Earth Magic    | 4 5 |  5.5
Alchemy        | 4 5 |  5.5
Dodging        | |  2.1
Stealth        | |  1.5

Action                     |  1- 3 |  4- 6 || total
---------------------------+-------+-------++-------
   Cast: Foxfire           |    75 |    90 ||   165
         Call Imp          |       |    15 ||    15
         Volatile Blastmot |       |     6 ||     6
 Armour: Robe              |     6 |    43 ||    49
  Dodge: Dodged            |     5 |    27 ||    32
